 Dungeon Crawl Stone Soup version 0.19.0-9-gfd783f2 (webtiles) character file.

282 Malachi the Insei (level 5, -1/40 HPs)
             Began as a Demigod Transmuter on Nov 8, 2016.
             Killed from afar by a white imp (7 damage)
             ... with a puff of frost
             ... summoned by Eustachio
             ... on level 4 of the Dungeon.
             The game lasted 00:06:54 (3405 turns).

Malachi the Insei (Demigod Transmuter)              Turns: 3405, Time: 00:06:55

Health: -1/40      AC:  4    Str: 13      XL:     5   Next: 78%
Magic:  10/11      EV: 18    Int: 18 (19) God:
Gold:   193        SH:  0    Dex: 16      Spells: 3 memorised, 3 levels left

rFire  . . .     SeeInvis .       - Unarmed
rCold  . . .     Gourm    .     p - +0 robe (curse)
rNeg   . . .     Faith    .     (no shield)
rPois  .         Spirit   .     (no helmet)
rElec  .         Reflect  .     (no cloak)
rCorr  .         Harm     .     (no gloves)
MR     .....                    (no boots)
Stlth  ++........               n - amulet of regeneration
                                (no ring)
                                e - +5 ring of evasion

@: lethally poisoned (-1 -> -1)
A: iridescent scales 1, deterioration 1, high mp 1
a: no special abilities


You were on level 4 of the Dungeon.
You were not hungry.

You visited 1 branch of the dungeon, and saw 4 of its levels.

You collected 193 gold pieces.

Inventory:

Hand Weapons
 g - a +1 dagger
 h - a +0 whip
Missiles
 a - 12 arrows
 f - 84 bolts
Armour
 b - a +0 robe
 o - a +0 pair of gloves
 p - a cursed +0 robe (worn)
Jewellery
 e - a +5 ring of evasion (left hand)
 n - an amulet of regeneration (around neck)
Wands
 s - a wand of iceblast (15/15)
Scrolls
 i - a scroll of immolation
 k - 2 scrolls of recharging
 m - 2 scrolls of identify
Books
 c - a book of Changes

   Spells                             Type                      Level
   a - Beastly Appendage              Transmutation                1
   b - Sticks to Snakes               Transmutation                2
   c - Spider Form                    Transmutation/Poison         3
   d - Ice Form                       Ice/Transmutation            4
   e - Blade Hands                    Transmutation                5
Comestibles
 d - 3 bread rations
 j - 4 fruits
 l - a meat ration
 q - 5 chunks of flesh
 u - a slice of pizza


   Skills:
 + Level 1.3 Fighting
 + Level 2.9 Dodging
 + Level 2.1 Stealth
 + Level 4.1 Unarmed Combat
 + Level 2.5 Spellcasting
 + Level 2.8 Transmutations


You had 3 spell levels left.
You knew the following spells:

 Your Spells              Type           Power        Failure   Level  Hunger
a - Beastly Appendage     Tmut           ##....       8%          1    #......
b - Spider Form           Tmut/Pois      #.........   30%         3    ###....
c - Sticks to Snakes      Tmut           ##......     12%         2    ##.....


Dungeon Overview and Level Annotations

Branches:
Dungeon (4/15)
 Temple: D:4-7

Annotations:
D:4 Eustachio, Grinder


Innate Abilities, Weirdness & Mutations

You have an increased reservoir of magic. (+10% MP)
You are partially covered in iridescent scales. (AC +2)
Your body sometimes deteriorates upon taking damage.


Message History

The white imp gestures at you. The puff of frost misses you. Grinder hits you.
You writhe in agony.
The leopard gecko barely misses you.
Unknown command.
You miss Eustachio. Your punch misses Eustachio.
Eustachio is severely wounded.
Eustachio closely misses you. The crimson imp misses you.
The white imp gestures at you. The puff of frost hits you!
* * * LOW HITPOINT WARNING * * *
Your body deteriorates!
You feel dopey. The leopard gecko closely misses you.
You aren't carrying any potions.
Unknown command.
You feel sick.
The leopard gecko completely misses you.
The crimson imp misses you. Grinder completely misses you.
The white imp gestures at you. The puff of frost hits you!
You die...

#.#....#.# # ##..^...#.#
#. ..........#.# ##..
#####....##.######
....####+###.....#......#
.......!...#<.......###.#
...........#...###....#.#
........5..#.....#...##.#
......@5l@.###...#...##.#
#................#..###.#
#......5..####...#..# #.#
#.........# #..>#### #.#
#........<# ###[# ...
########### .# .# .#


You could see Eustachio, Grinder, a crimson imp, a white imp and a leopard
gecko.

Vanquished Creatures
  Ijyb (D:2)
  An iguana (D:4)
  A worker ant (D:4)
  A hound skeleton (D:4)
  3 gnolls (D:2)
  9 adders
  A worm (D:3)
  3 dart slugs (D:1)
  4 leopard geckos
  2 orcs (D:3)
  12 bats
  A giant cockroach (D:2)
  4 goblins
  6 hobgoblins
  11 jackals
  A quokka (D:3)
  A ball python (D:3)
  2 frilled lizards
  5 kobolds
  4 rats
73 creatures vanquished.

Notes
Turn   | Place    | Note
-------+----------+-------------------------------------------
     0 | D:1      | Malachi the Demigod Transmuter began the quest for the Orb.
     0 | D:1      | Reached XP level 1. HP: 15/15 MP: 5/5
   428 | D:1      | Reached skill level 3 in Unarmed Combat
   455 | D:1      | Reached XP level 2. HP: 21/22 MP: 5/7
  1173 | D:1      | Reached XP level 3. HP: 27/27 MP: 8/8
  1353 | D:1      | Learned a level 3 spell: Spider Form
  1356 | D:1      | Learned a level 2 spell: Sticks to Snakes
  1540 | D:2      | Reached skill level 1 in Fighting
  1553 | D:2      | Reached skill level 1 in Stealth
  1619 | D:2      | Reached XP level 4. HP: 28/35 MP: 10/10
  2429 | D:2      | Noticed Ijyb
  2441 | D:2      | Killed Ijyb
  2445 | D:2      | Found a stormy altar of Qazlal.
  2450 | D:2      | Found a sparkling altar of Nemelex Xobeh.
  2455 | D:2      | Found a bloodstained altar of Trog.
  2712 | D:3      | Reached XP level 5. HP: 37/40 MP: 11/11
  2805 | D:3      | Gained mutation: Your body sometimes deteriorates upon taking damage. [potion of mutation]
  2805 | D:3      | Gained mutation: You are partially covered in iridescent scales. (AC +2) [potion of mutation]
  3336 | D:4      | Reached skill level 4 in Unarmed Combat
  3390 | D:4      | Noticed Eustachio
  3391 | D:4      | Noticed Grinder
  3405 | D:4      | Killed from afar by a white imp

Skill      XL: |  1  2  3  4  5 |
---------------+----------------+-----
Unarmed Combat | 3 4 |  4.1
Spellcasting   | 2 |  2.5
Transmutations | 2 |  2.8
Dodging        | 2 |  2.9
Fighting       | 1 |  1.3
Stealth        | 1 2 |  2.1

Action                   |  1- 3 |  4- 6 || total
-------------------------+-------+-------++-------
Melee: Unarmed           |   143 |   184 ||   327
       Kick              |    12 |     1 ||    13
       Headbutt          |    17 |    12 ||    29
       Punch             |     1 |       ||     1
 Cast: Beastly Appendage |    19 |    13 ||    32
       Spider Form       |     2 |     4 ||     6
  Use: Scroll            |       |     7 ||     7
       Potion            |       |     2 ||     2
 Stab: Sleeping          |     4 |     8 ||    12
  Eat: Chunk             |     2 |     7 ||     9
Armor: Robe              |    15 |    29 ||    44
       Skin              |     1 |     2 ||     3
Dodge: Dodged            |   176 |   211 ||   387
